 Dungeon Crawl Stone Soup version 0.31-a0-236-g9a0961fb85 (webtiles) character file.

Game seed: 12537625307934591062

149 qw the Shooter (level 5, -5/30 HPs)
             Began as a Gargoyle Hexslinger on July 9, 2023.
             Killed by divine providence
             ... invoked by an orc priest
              (15 damage)
             ... on level 3 of the Dungeon.
             The game lasted 00:00:51 (1950 turns).

qw the Shooter (Gargoyle Hexslinger)                Turns: 1950, Time: 00:00:51

Health: -5/30      AC:  8    Str: 11    XL:     5   Next: 31%
Magic:  6/6        EV: 12    Int: 14    God:
Gold:   96         SH:  0    Dex: 14    Spells: 5/6 levels left

rFire   . . .        Y - +1 sling
rCold   . . .        (no shield)
rNeg    + . .        c - +0 robe
rPois   inf          (no helmet)
rElec   +            b - scarf {repulsion}
rCorr   .            n - +1 pair of gloves
SInv    .            (no boots)
Will    .....        (no amulet)
Stlth   +            (no ring)
HPRegen 0.25/turn    (no ring)
MPRegen 0.10/turn

%: repel missiles
@: no status effects
A: sickness immunity, AC +4, negative energy resistance 1, electricity
resistance, torment resistance 1, petrification resistance
a: no special abilities


You were on level 3 of the Dungeon.
You visited 1 branch of the dungeon, and saw 3 of its levels.

You collected 96 gold pieces.


Innate Abilities, Weirdness & Mutations

You are immune to sickness and miasma.
Your stone body is resilient. (AC +4)
You are immune to poison.
You resist negative energy. (rN+)
You are resistant to electric shocks. (rElec)
You are resistant to unholy torment.
You are immune to petrification.


   Skills:
 + Level 2.1 Fighting
 - Level 5.0 Ranged Weapons
 - Level 1.5 Dodging
 - Level 1.0 Spellcasting
 - Level 2.6 Hexes


You had 5 spell levels left.
You knew the following spells:

 Your Spells              Type           Power      Damage    Failure   Level
a - Slow                  Hex            32%        N/A       9%          1

Your spell library contained the following spells:

 Spells                   Type           Power      Damage    Failure   Level
 Inner Flame              Hex/Fire       4%         N/A       41%         3
 Portal Projectile        Hex/Tloc       8%         N/A       41%         3
 Cause Fear               Hex            4%         N/A       65%         4

Inventory:

Hand Weapons
 Y - a +1 sling (weapon)
Armour
 b - a scarf of repulsion (worn)
 c - a +0 robe (worn)
 j - a +0 leather armour
 m - a +0 ring mail
 n - a +1 pair of gloves (worn)
Scrolls
 a - 2 scrolls of identify
Potions
 d - a potion of curing
 e - a potion of lignification {unknown}
 f - a potion of cancellation {unknown}
 g - a potion of mutation {unknown}
 h - 2 potions of haste {unknown}
 i - a potion of degeneration {unknown}
 k - a potion of heal wounds {unknown}
 l - a potion of attraction {unknown}

Dungeon Overview and Level Annotations

Branches:
Dungeon (3/15)

Altars:


Message History

Deactivating autopickup; reactivate with Ctrl-A.
The orc priest hits you but does no damage.
The orc hits you with a +0 dagger.
You shoot a sling bullet. The sling bullet hits the orc priest.
The orc priest is heavily wounded.
You hear some strange, mumbled words.
Something tries to affect you, but you resist.
The orc priest misses you. The orc misses you.
You shoot a sling bullet.
The sling bullet hits the orc priest but does no damage.
The orc priest is heavily wounded.
Something hits you. The orc priest closely misses you.
The orc hits you with a +0 dagger.
You shoot a sling bullet.
The sling bullet barely misses the orc priest.
The sling bullet hits the orc.
The orc is severely wounded.
Something hits you but does no damage.
The orc priest hits you with a +0 hand axe.
The orc hits you with a +0 dagger.
You shoot a sling bullet. The sling bullet hits the orc priest.
The orc priest is almost dead.
Something hits you but does no damage.
The orc priest calls down the wrath of Beogh upon you.
Pain shoots through your body! The orc hits you but does no damage. x2
Something hits you.
The orc priest calls upon Beogh to heal the orc.
The orc's wounds heal themselves!
You shoot a sling bullet.
The sling bullet hits the orc priest but does no damage.
The orc priest is almost dead.
Something hits you but does no damage. The orc priest misses you.
The orc hits you but does no damage.
You shoot a sling bullet. The sling bullet hits the orc priest.
The orc priest is almost dead.
Something hits you but does no damage.
The orc priest invokes the aid of Beogh against you.
Beogh smites you!
Ouch! That really hurt!
You die...

. ...
#############....
##........o{..>...
#.........@oo.....
#..####.####......
... #..# #.# ##[..
#.. #..# #.# . #..
#######..## #.#
#..
......)...###.#
#..
#####.%........
#.. ##......#####
#.. ###.......#
#..


You could see an orc priest and 2 orcs.

Vanquished Creatures
  An orc wizard (D:3)
  3 gnolls (D:3)
  3 adders
  A worm (D:3)
  2 dart slugs
  8 orcs (D:3)
  2 endoplasms
  3 giant cockroaches
  6 goblins
  4 hobgoblins
  4 ball pythons
  6 bats
  8 frilled lizards
  3 kobolds
  6 rats
60 creatures vanquished.

Notes
Turn   | Place    | Note
-------+----------+-------------------------------------------
     0 | D:1      | qw the Gargoyle Hexslinger began the quest for the Orb.
     0 | D:1      | Reached XP level 1. HP: 12/12 MP: 2/2
     0 | D:1      | 0 ||| qw: Version: 0.3-a-51-g015441d
     0 | D:1      | 0 ||| qw: Game counter: 4430
     0 | D:1      | 0 ||| qw: Melee chars always use a shield: true
     0 | D:1      | 0 ||| qw: God list: Okawaru
     0 | D:1      | 0 ||| qw: Allow faded altars: false
     0 | D:1      | 0 ||| qw: Do Orc after clearing Dungeon:15 true
     0 | D:1      | 0 ||| qw: Do second Lair branch before Depths: true
     0 | D:1      | 0 ||| qw: Lair rune preference: random
     0 | D:1      | 0 ||| qw: Goals: Normal
     0 | D:1      | 0 ||| PLANNING D:1-11
   196 | D:1      | Reached XP level 2. HP: 16/16 MP: 3/3
   353 | D:1      | Reached skill level 3 in Ranged Weapons
   575 | D:1      | Reached XP level 3. HP: 21/21 MP: 4/4
   868 | D:1      | 868 ||| READING 2 scrolls labelled YCZOUP AL CIPS.
   869 | D:1      | 869 ||| READING scroll labelled MEAKHAV KUALU.
   870 | D:1      | 870 ||| READING scroll labelled DEULAZ WULU.
   871 | D:1      | 871 ||| DROPPING scroll of poison.
  1243 | D:2      | Found a faded altar of an unknown god.
  1413 | D:2      | Reached XP level 4. HP: 26/26 MP: 5/5
  1529 | D:2      | 1529 ||| UPGRADING to scarf of repulsion.
  1534 | D:2      | 1534 ||| UPGRADING to +1 pair of gloves.
  1539 | D:2      | 1539 ||| READING scroll labelled EMPOLE ANOEG.
  1540 | D:2      | 1540 ||| READING scroll labelled VUFOTA NOJUO.
  1541 | D:2      | 1541 ||| READING scroll labelled HOGGIE YCOADGH.
  1542 | D:2      | 1542 ||| READING scroll labelled OCA FIZXOSY.
  1543 | D:2      | 1543 ||| DRINKING 2 metallic brown potions.
  1675 | D:3      | Reached skill level 4 in Ranged Weapons
  1828 | D:3      | Reached XP level 5. HP: 30/30 MP: 6/6
  1846 | D:3      | Reached skill level 5 in Ranged Weapons
  1950 | D:3      | Killed from afar by an orc priest

Levels and vault maps discovered:
D:1:      ncdulo_halloftheorcs, layout_basic, nicolae_figureground_pulse
D:2:      layout_loops_cross, shapermc_ecumenical_altar_mp_vishouse,
          minmay_pentomino_t2
D:3:      layout_loops_ring, overflow_temple_1_default, elyvilon_altar_3

Skill      XL: |  1  2  3  4  5 |
---------------+----------------+-----
Ranged Weapons | 3 4 5 |  5.0
Fighting       | 2 |  2.1
Dodging        | |  1.5
Spellcasting   | |  1.0
Hexes          | |  2.6

Action                     |  1- 3 |  4- 6 || total
---------------------------+-------+-------++-------
   Fire: Sling             |   119 |    88 ||   207
    Use: Scroll            |     3 |     4 ||     7
         Potion            |       |     1 ||     1
 Armour: Robe              |    17 |    31 ||    48
  Dodge: Dodged            |    29 |    23 ||    52

Table legend:
 A = Non-vault XP
 B = Vault XP
 C = Vault XP percentage of total XP
 D = Non-vault monster count
 E = Vault monster count
 F = Vault count percentage of total count
                 A         B        C        D         E       F
            +---------+---------+-------+---------+---------+-------
      Total |     214 |       0 |   0.0 |      60 |       0 |   0.0
            +---------+---------+-------+---------+---------+-------
        D:1 |      34 |       0 |   0.0 |      21 |       0 |   0.0
        D:2 |      49 |       0 |   0.0 |      17 |       0 |   0.0
        D:3 |     131 |       0 |   0.0 |      22 |       0 |   0.0
            +---------+---------+-------+---------+---------+-------
